 Dungeon Crawl Stone Soup version 0.31.0-9-g3a7656b989 (webtiles) character file.

Game seed: 8545125514610978480

37557 qw the Skirmisher (level 13, -4/116 HPs)
             Began as a Demigod Hunter on Feb 2, 2024.
             Slain by a yak (9 damage)
             ... led by a torpor snail
             ... on level 4 of the Lair of Beasts.
             The game lasted 00:02:26 (16052 turns).

qw the Skirmisher (Demigod Hunter)                 Turns: 16052, Time: 00:02:27

Health: -4/116     AC: 15    Str:  8    XL:     13   Next: 26%
Magic:  16/16      EV: 24    Int: 13    God:
Gold:   684        SH:  0    Dex: 41    Spells: 12/12 levels left

rFire   + . .        a - +2 shortbow (chaos)
rCold   + . .        (shield currently unavailable)
rNeg    . . .        c - +4 ring mail of Woluhufi {Str-4 Int+2 Dex+2}
rPois   +            f - +1 helmet
rElec   .            j - scarf {rC+ rF+}
rCorr   .            (no gloves)
SInv    .            i - +2 pair of boots
Will    +....        e - amulet of the acrobat
Stlth   +++          m - +6 ring of dexterity
HPRegen 0.39/turn    g - ring of poison resistance
MPRegen 0.15/turn

%: acrobat
@: no status effects
A: high MP 1, forlorn, divine attributes
a: no special abilities


You were on level 4 of the Lair of Beasts.
You visited 2 branches of the dungeon, and saw 15 of its levels.

You collected 1069 gold pieces.
You spent 385 gold pieces at shops.


Innate Abilities, Weirdness & Mutations

You have an increased reservoir of magic. (+10% MP)
You shall have no god before yourself.
Your divine heritage dramatically boosts your attributes as you level up.


   Skills:
 + Level 11.2 Fighting
 - Level 14.0 Ranged Weapons
 - Level 6.0 Armour
 - Level 12.0 Dodging
 - Level 0.8 Stealth


You had 12 spell levels left.
You didn't know any spells.
Your spell library was empty.

Inventory:

Hand Weapons
 a - a +2 shortbow of chaos (weapon)
Armour
 c - the +4 ring mail of Woluhufi (worn) {Str-4 Int+2 Dex+2}
   (You found it on level 1 of the Lair of Beasts)

   Str-4:     It affects your strength (-4).
   Int+2:     It affects your intelligence (+2).
   Dex+2:     It affects your dexterity (+2).
 f - a +1 helmet (worn)
 i - a +2 pair of boots (worn)
 j - a scarf of resistance (worn)
 u - a +0 cloak
Jewellery
 b - a ring of wizardry
 e - an amulet of the acrobat (around neck)
 g - a ring of poison resistance (right hand)
 h - a ring of positive energy
 l - a ring of fire
 m - a +6 ring of dexterity (left hand)
 Y - a ring of see invisible
Wands
 d - a wand of mindburst (11)
 n - a wand of charming (23)
Scrolls
 t - 9 scrolls of identify
Potions
 k - 5 potions of mutation
 o - 6 potions of enlightenment
 p - a potion of might
 q - 7 potions of curing

Dungeon Overview and Level Annotations

Branches:
Dungeon (11/15)            Temple (0/1) D:5            Lair (4/5) D:9
 Shoals (0/4) Lair:3        Snake (0/4) Lair:3          Orc (0/2) D:11
  Slime: Lair:4-5

Shops:
D:2 :   D:8 !   D:9 [   D:10 =

Annotations:
D:3 3 runed translucent doors, qw's ghost, amateur GrHu
D:6 3 runed translucent doors, qw's ghost, amateur GrHu
Lair:1 exclusion: oklob plant
Lair:3 exclusion: catoblepas


Message History

The yak is severely wounded.
The wolf misses you. The skyshark barely misses you.
The skyshark tail-slaps you but does no damage. x2
The yak closely misses you. The wolf misses you. The elephant tramples you.
You hold your ground!
The elephant barely misses you. The yak closely misses you. The wolf bites you.
The boulder beetle waves its antennae.
You shoot an arrow. The arrow hits the yak!
You kill the yak!
The wolf pauses to sniff the ground.
The wolf misses you. x2; The wolf barely misses you.
The skyshark bites you.
The skyshark tastes blood and grows stronger!
The skyshark tail-slaps you. The skyshark barely misses you.
The elephant tramples you but does no damage.
The elephant trunk-slaps you but does no damage.
The wolf misses you. The elephant completely misses you.
The elephant misses you. The yak completely misses you.
The wolf completely misses you. The cane toad barely misses you.
You shoot an arrow. The arrow hits the cane toad!
The cane toad seems to grow stronger.
The cane toad is severely wounded.
The wolf barely misses you. x3; The skyshark barely misses you.
The skyshark closely misses you. The skyshark misses you.
The elephant tramples you!
You hold your ground!
The elephant completely misses you. The yak completely misses you.
You shoot an arrow. The arrow hits the cane toad!!
The arrow burns the cane toad.
You kill the cane toad!
The wolf completely misses you. The wolf bites you but does no damage.
The boulder beetle curls into a ball and begins rolling!
The wolf barely misses you. The skyshark misses you.
The skyshark closely misses you. The skyshark tail-slaps you!
Your Dodging skill increases to level 12!
You shoot an arrow. The arrow hits the skyshark!
The skyshark appears confused.
The skyshark is lightly wounded.
The wolf barely misses you. The wolf closely misses you.
The elephant tramples you.
You hold your ground!
The elephant trunk-slaps you. The elephant barely misses you.
The elephant completely misses you. The yak gores you!
You die...

#......## #......# # ##
##......#########
.#.###.##........#.#P#..####
...........B................
........%...................
...........Y|...............
..........YFY...............
.........YY@hY..............
..........hhY...............
.##.##.P..#.#######...###.P#
## ######## ##### ####


You could see a boulder beetle (rolling), a skyshark (strong, confused), 5
elephants, 2 yaks and 3 wolves.

Vanquished Creatures
  A catoblepas (Lair:2)
  2 two-headed ogres
  2 death yaks (Lair:2)
  Pikel (D:5)
  An ugly thing (D:11)
  A manticore (D:11)
  Maurice (D:11)
  2 torpor snails
  An elephant (Lair:4)
  12 cane toads
  5 black mambas
  7 komodo dragons
  3 kobold demonologists (D:10)
  4 rime drakes
  A queen bee (Lair:4)
  3 polar bears
  A troll (D:11)
  2 hornets
  18 blink frogs
  A dream sheep (Lair:2)
  A shadow (D:10)
  49 yaks
  6 wyverns
  10 basilisks
  A yak (shapeshifter) (D:9)
  2 wraiths
  4 steam dragons
  4 vampire mosquitoes (D:11)
  14 water moccasins
  Duvessa (D:7)
  4 orc warriors
  A sky beast (D:7)
  2 ice beasts
  A tengu (Lair:4)
  4 wolves
  6 kobold brigands
  Blork the orc (D:5)
  12 bullfrogs
  A gnoll sergeant (D:9)
  2 scorpions
  Dowan (D:7)
  A burial acolyte (D:6)
  10 killer bees
  4 electric eels (Lair:3)
  3 orc priests
  A gnoll bouda (D:7)
  6 hounds
  5 iguanas
  11 orc wizards
  5 hell rats (Lair:3)
  13 gnolls
  5 adders
  2 shadow imps
  2 white imps
  An adder zombie (D:6)
  2 ribbon worms
  3 dart slugs
  31 orcs
  5 endoplasms
  5 giant cockroaches
  6 hobgoblins
  3 jackals (D:1)
  46 kobolds
  2 quokkas
  3 ball pythons
  2 bats
  5 frilled lizards (D:1)
  7 goblins
  A jackal zombie (D:6)
  7 rats
393 creatures vanquished.

Vanquished Creatures (collateral kills)
  2 catoblepae (Lair:3)
  A boulder beetle (Lair:2)
  2 cane toads (Lair:3)
  A bullfrog (Lair:4)
6 creatures vanquished.

Vanquished Creatures (others)
  A yak (Lair:4)
1 creature vanquished.

Grand Total: 400 creatures vanquished

Notes
Turn   | Place    | Note
-------+----------+-------------------------------------------
     0 | D:1      | qw the Demigod Hunter began the quest for the Orb.
     0 | D:1      | Reached XP level 1. HP: 17/17 MP: 3/3
     0 | D:1      | 0 ||| qw: Version: 0.3-a-155-g5e7d8dd
     0 | D:1      | 0 ||| qw: Game counter: 119
     0 | D:1      | 0 ||| qw: Melee chars always use a shield: true
     0 | D:1      | 0 ||| qw: God list: Okawaru
     0 | D:1      | 0 ||| qw: Allow faded altars: false
     0 | D:1      | 0 ||| qw: Do Orc after clearing Dungeon:15 true
     0 | D:1      | 0 ||| qw: Do second Lair branch before Depths: true
     0 | D:1      | 0 ||| qw: Lair rune preference: random
     0 | D:1      | 0 ||| qw: Goals: Normal
     0 | D:1      | 0 ||| PLANNING D:1-11
   170 | D:1      | Reached skill level 4 in Ranged Weapons
   308 | D:1      | Reached XP level 2. HP: 24/24 MP: 4/4
   972 | D:1      | 972 ||| UPGRADING to +2 pair of boots.
   977 | D:1      | 977 ||| UPGRADING to scarf of resistance.
   982 | D:1      | 982 ||| READING scroll labelled ENWIRATSIGH.
   982 | D:1      | 982 ||| BRANDING +0 shortbow.
   983 | D:1      | 983 ||| READING scroll labelled QOHASHR ZO KAFE.
   984 | D:1      | 984 ||| READING 2 scrolls labelled XESSASH VOITU.
   984 | D:1      | 984 ||| IDENTIFYING fizzy cyan potion
   985 | D:1      | 985 ||| READING scroll of identify.
   985 | D:1      | 985 ||| IDENTIFYING lumpy ruby potion
   986 | D:1      | 986 ||| READING scroll labelled YMUIBL WAST.
   987 | D:1      | 987 ||| DROPPING scroll of butterflies.
   988 | D:1      | 988 ||| DROPPING potion of invisibility.
  1077 | D:2      | Reached XP level 3. HP: 25/29 MP: 5/5
  1300 | D:2      | Found Jeh Ehomn's Book Boutique.
  1455 | D:2      | 1455 ||| UPGRADING to +0 ring mail.
  1465 | D:2      | 1465 ||| DROPPING +0 leather armour.
  1466 | D:2      | 1466 ||| UPGRADING to amulet of the acrobat.
  1471 | D:2      | 1471 ||| UPGRADING to ring of positive energy.
  1633 | D:3      | Found a runed translucent gate.
  1633 | D:3      | Found a runed translucent gate.
  1634 | D:3      | Found a runed translucent gate.
  1637 | D:3      | Noticed qw's ghost (amateur GrHu)
  2292 | D:3      | 2292 ||| DROPPING +6 ring of intelligence.
  2293 | D:3      | 2293 ||| READING scroll of identify.
  2293 | D:3      | 2293 ||| IDENTIFYING fizzy dark potion
  2294 | D:3      | 2294 ||| READING scroll labelled URAMAG GETTIE.
  2295 | D:3      | 2295 ||| READING scroll labelled GIEKOUTEURI.
  2296 | D:3      | 2296 ||| DRINKING 2 grey potions.
  2348 | D:4      | Noticed a scorpion
  2352 | D:4      | Killed a scorpion
  2353 | D:4      | Reached skill level 5 in Ranged Weapons
  2353 | D:4      | Reached XP level 4. HP: 34/36 MP: 6/6
  2387 | D:4      | Reached skill level 1 in Armour
  2445 | D:4      | 2445 ||| RETREEEEATING.
  2450 | D:4      | 2450 ||| DRINKING 2 emerald potions.
  2451 | D:4      | 2451 ||| DRINKING viscous grey potion.
  2452 | D:4      | 2452 ||| DRINKING black potion.
  2478 | D:4      | Reached XP level 5. HP: 41/41 MP: 7/7
  2485 | D:4      | Reached skill level 6 in Ranged Weapons
  2531 | D:4      | 2531 ||| FLEEEEING.
  2532 | D:4      | 2532 ||| FLEEEEING.
  2533 | D:4      | 2533 ||| FLEEEEING.
  2534 | D:4      | 2534 ||| FLEEEEING.
  2535 | D:4      | 2535 ||| FLEEEEING.
  2536 | D:4      | 2536 ||| FLEEEEING.
  2537 | D:4      | 2537 ||| FLEEEEING.
  2538 | D:4      | 2538 ||| FLEEEEING.
  2539 | D:4      | 2539 ||| FLEEEEING.
  2540 | D:4      | 2540 ||| FLEEEEING.
  2541 | D:4      | 2541 ||| FLEEEEING.
  2542 | D:4      | 2542 ||| FLEEEEING.
  2543 | D:4      | 2543 ||| FLEEEEING.
  2544 | D:4      | 2544 ||| FLEEEEING.
  2545 | D:4      | 2545 ||| FLEEEEING.
  2546 | D:4      | 2546 ||| FLEEEEING.
  2547 | D:4      | 2547 ||| FLEEEEING.
  2548 | D:4      | 2548 ||| FLEEEEING.
  2549 | D:4      | 2549 ||| FLEEEEING.
  2550 | D:4      | 2550 ||| FLEEEEING.
  2551 | D:4      | 2551 ||| FLEEEEING.
  2552 | D:4      | 2552 ||| FLEEEEING.
  2553 | D:4      | 2553 ||| FLEEEEING.
  2554 | D:4      | 2554 ||| FLEEEEING.
  2555 | D:4      | 2555 ||| FLEEEEING.
  2556 | D:4      | 2556 ||| FLEEEEING.
  2557 | D:4      | 2557 ||| FLEEEEING.
  2558 | D:4      | 2558 ||| FLEEEEING.
  2559 | D:4      | 2559 ||| FLEEEEING.
  2560 | D:4      | 2560 ||| FLEEEEING.
  2561 | D:4      | 2561 ||| FLEEEEING.
  2562 | D:4      | 2562 ||| FLEEEEING.
  2563 | D:4      | 2563 ||| FLEEEEING.
  2564 | D:4      | 2564 ||| FLEEEEING.
  2565 | D:4      | 2565 ||| FLEEEEING.
  2566 | D:4      | 2566 ||| FLEEEEING.
  2567 | D:4      | 2567 ||| FLEEEEING.
  2568 | D:4      | 2568 ||| FLEEEEING.
  2569 | D:4      | 2569 ||| FLEEEEING.
  2570 | D:4      | 2570 ||| FLEEEEING.
  2571 | D:4      | 2571 ||| FLEEEEING.
  2572 | D:4      | 2572 ||| FLEEEEING.
  2573 | D:4      | 2573 ||| FLEEEEING.
  2574 | D:4      | 2574 ||| FLEEEEING.
  2575 | D:4      | 2575 ||| FLEEEEING.
  2576 | D:4      | 2576 ||| STAIRDANCE
  2710 | D:4      | Identified the +1 ring mail of Death's Door {rElec rC+}
  2716 | D:4      | Reached skill level 3 in Fighting
  2760 | D:4      | Reached XP level 6. HP: 51/51 MP: 8/8
  2960 | D:4      | 2960 ||| FLEEEEING.
  2961 | D:4      | 2961 ||| FLEEEEING.
  2962 | D:4      | 2962 ||| FLEEEEING.
  2970 | D:4      | 2970 ||| FLEEEEING.
  3003 | D:4      | 3003 ||| FLEEEEING.
  3004 | D:4      | 3004 ||| FLEEEEING.
  3005 | D:4      | 3005 ||| FLEEEEING.
  3015 | D:4      | Reached skill level 3 in Dodging
  3713 | D:4      | 3713 ||| UPGRADING to +1 ring mail of Death's Door {rElec
                  | rC+}.
  3723 | D:4      | 3723 ||| DROPPING +0 ring mail.
  3724 | D:4      | 3724 ||| UPGRADING to ring of see invisible.
  3725 | D:4      | 3725 ||| READING scroll of identify.
  3725 | D:4      | 3725 ||| IDENTIFYING scroll labelled YKEEWOAHOP
  3726 | D:4      | 3726 ||| READING 2 scrolls labelled MEHUATI DYRRA.
  3727 | D:4      | 3727 ||| READING scroll labelled HIUVYX YZXAWIRCH.
  3727 | D:4      | 3727 ||| ENCHANTING +0 shortbow of draining.
  3728 | D:4      | 3728 ||| READING scroll labelled GAEHUNK OGOTIKH.
  3829 | D:4      | 3829 ||| DROPPING scroll of blinking.
  3830 | D:4      | 3830 ||| DROPPING scroll of poison.
  3905 | D:5      | Entered Level 5 of the Dungeon
  4010 | D:5      | Found a staircase to the Ecumenical Temple.
  4025 | D:5      | Noticed Pikel
  4025 | D:5      | 4025 ||| RETREEEEATING.
  4029 | D:5      | 4029 ||| RETREEEEATING.
  4030 | D:5      | 4030 ||| RETREEEEATING.
  4031 | D:5      | 4031 ||| RETREEEEATING.
  4032 | D:5      | 4032 ||| RETREEEEATING.
  4040 | D:5      | 4040 ||| DRINKING potion of haste.
  4051 | D:5      | Killed Pikel
  4052 | D:5      | Reached skill level 8 in Ranged Weapons
  4052 | D:5      | Reached XP level 7. HP: 29/57 MP: 9/9
  4241 | D:5      | Noticed a steam dragon
  4252 | D:5      | Killed a steam dragon
  4258 | D:5      | Noticed Blork the orc
  4265 | D:5      | Killed Blork the orc
  4343 | D:5      | Reached XP level 8. HP: 66/66 MP: 10/10
  4878 | D:5      | Reached skill level 9 in Ranged Weapons
  4878 | D:5      | 4878 ||| UPGRADING to +6 ring of dexterity.
  4880 | D:5      | 4880 ||| READING 2 scrolls of identify.
  4880 | D:5      | 4880 ||| IDENTIFYING murky golden potion
  4881 | D:5      | 4881 ||| DROPPING potion of ambrosia.
  5441 | D:6      | Found a runed translucent gate.
  5441 | D:6      | Found a runed translucent gate.
  5442 | D:6      | Found a runed translucent gate.
  5442 | D:6      | Noticed qw's ghost (amateur GrHu)
  5879 | D:6      | 5879 ||| UPGRADING to +0 helmet.
  5884 | D:6      | 5884 ||| READING scroll of enchant armour.
  5884 | D:6      | 5884 ||| ENCHANTING +0 helmet.
  5885 | D:6      | 5885 ||| READING scroll of identify.
  5885 | D:6      | 5885 ||| IDENTIFYING golden potion
  5886 | D:6      | 5886 ||| DROPPING potion of brilliance.
  6059 | D:7      | Noticed Duvessa
  6060 | D:7      | Noticed Dowan
  6066 | D:7      | 6066 ||| RETREEEEATING.
  6072 | D:7      | Killed Duvessa
  6080 | D:7      | Killed Dowan
  6142 | D:7      | Found a flagged portal.
  6172 | D:7      | Reached XP level 9. HP: 73/74 MP: 11/11
  6491 | D:7      | Reached skill level 10 in Ranged Weapons
  6806 | D:7      | 6806 ||| READING scroll of identify.
  6806 | D:7      | 6806 ||| IDENTIFYING puce potion
  6807 | D:7      | 6807 ||| READING scroll labelled CIRUID VOENAR.
  6812 | D:7      | 6812 ||| DRINKING 2 white potions.
  6813 | D:7      | 6813 ||| DROPPING wand of flame (11).
  6814 | D:7      | 6814 ||| DROPPING potion of magic.
  6832 | D:8      | Found Vigouq's Distillery.
  6835 | D:8      | 6835 ||| STAIRDANCE
  6936 | D:8      | 6936 ||| BUYING potion of cancellation (88 gold).
  6936 | D:8      | Bought a potion of cancellation for 88 gold pieces
  6936 | D:8      | 6936 ||| BUYING potion of enlightenment (55 gold).
  6936 | D:8      | Bought a potion of enlightenment for 55 gold pieces
  6936 | D:8      | 6936 ||| BUYING potion of haste (110 gold).
  6936 | D:8      | Bought a potion of haste for 110 gold pieces
  6936 | D:8      | 6936 ||| BUYING potion of might (44 gold).
  6936 | D:8      | Bought a potion of might for 44 gold pieces
  6936 | D:8      | 6936 ||| BUYING potion of mutation (88 gold).
  6936 | D:8      | Bought a potion of mutation for 88 gold pieces
  6936 | D:8      | 6936 ||| SHOPLISTING potion of mutation (88 gold, have 57).
  6936 | D:8      | 6936 ||| SHOPLISTING potion of resistance (110 gold, have
                  | 57).
  7164 | D:8      | Reached skill level 6 in Dodging
  7262 | D:8      | Noticed a two-headed ogre
  7263 | D:8      | 7263 ||| DRINKING potion of haste.
  7275 | D:8      | Killed a two-headed ogre
  7276 | D:8      | Reached skill level 6 in Fighting
  7320 | D:8      | Paralysed by a hornet for 1 turns
  7741 | D:9      | Noticed a two-headed ogre
  7745 | D:9      | Killed a two-headed ogre
  7746 | D:9      | Reached skill level 11 in Ranged Weapons
  7749 | D:9      | Reached XP level 10. HP: 84/84 MP: 13/13
  7962 | D:9      | 7962 ||| RETREEEEATING.
  7963 | D:9      | 7963 ||| RETREEEEATING.
  7965 | D:9      | 7965 ||| RETREEEEATING.
  7969 | D:9      | 7969 ||| RETREEEEATING.
  7970 | D:9      | 7970 ||| RETREEEEATING.
  7973 | D:9      | 7973 ||| RETREEEEATING.
  7975 | D:9      | 7975 ||| RETREEEEATING.
  7990 | D:9      | Reached skill level 3 in Armour
  8109 | D:9      | Found Weteeta's Antique Armour Boutique.
  8112 | D:9      | 8112 ||| SHOPLISTING runed ring mail (252 gold, have 142).
  8222 | D:9      | 8222 ||| RETREEEEATING.
  8223 | D:9      | 8223 ||| RETREEEEATING.
  8224 | D:9      | 8224 ||| RETREEEEATING.
  8225 | D:9      | 8225 ||| RETREEEEATING.
  8226 | D:9      | 8226 ||| RETREEEEATING.
  8227 | D:9      | 8227 ||| RETREEEEATING.
  8228 | D:9      | 8228 ||| RETREEEEATING.
  8229 | D:9      | 8229 ||| RETREEEEATING.
  8230 | D:9      | 8230 ||| RETREEEEATING.
  8231 | D:9      | 8231 ||| RETREEEEATING.
  8232 | D:9      | 8232 ||| RETREEEEATING.
  8233 | D:9      | 8233 ||| RETREEEEATING.
  8365 | D:9      | Found a staircase to the Lair.
  8391 | D:9      | 8391 ||| RETREEEEATING.
  8392 | D:9      | 8392 ||| RETREEEEATING.
  8394 | D:9      | 8394 ||| RETREEEEATING.
  8395 | D:9      | 8395 ||| RETREEEEATING.
  8396 | D:9      | 8396 ||| RETREEEEATING.
  8397 | D:9      | 8397 ||| RETREEEEATING.
  8398 | D:9      | 8398 ||| RETREEEEATING.
  8402 | D:9      | 8402 ||| RETREEEEATING.
  8404 | D:9      | 8404 ||| RETREEEEATING.
  8405 | D:9      | 8405 ||| RETREEEEATING.
  8406 | D:9      | 8406 ||| RETREEEEATING.
  8407 | D:9      | 8407 ||| RETREEEEATING.
  8412 | D:9      | 8412 ||| RETREEEEATING.
  8415 | D:9      | 8415 ||| RETREEEEATING.
  8417 | D:9      | 8417 ||| RETREEEEATING.
  8418 | D:9      | 8418 ||| RETREEEEATING.
  8419 | D:9      | 8419 ||| RETREEEEATING.
  8420 | D:9      | 8420 ||| RETREEEEATING.
  8421 | D:9      | 8421 ||| RETREEEEATING.
  8422 | D:9      | 8422 ||| RETREEEEATING.
  8426 | D:9      | 8426 ||| RETREEEEATING.
  8432 | D:9      | 8432 ||| RETREEEEATING.
  8433 | D:9      | 8433 ||| RETREEEEATING.
  8434 | D:9      | 8434 ||| RETREEEEATING.
  8435 | D:9      | 8435 ||| RETREEEEATING.
  8436 | D:9      | 8436 ||| RETREEEEATING.
  8437 | D:9      | 8437 ||| RETREEEEATING.
  8446 | D:9      | Reached skill level 12 in Ranged Weapons
  8652 | D:9      | 8652 ||| UPGRADING to +1 leather armour of poison
                  | resistance.
  8662 | D:9      | 8662 ||| READING 2 scrolls of identify.
  8662 | D:9      | 8662 ||| IDENTIFYING bubbling coppery potion
  8663 | D:9      | 8663 ||| DROPPING potion of attraction.
  8702 | D:10     | Entered Level 10 of the Dungeon
  8757 | D:10     | 8757 ||| RETREEEEATING.
  8759 | D:10     | 8759 ||| RETREEEEATING.
  8760 | D:10     | 8760 ||| RETREEEEATING.
  8763 | D:10     | 8763 ||| RETREEEEATING.
  8764 | D:10     | 8764 ||| RETREEEEATING.
  9016 | D:10     | Found Xyshapadgh's Jewellery Emporium.
  9023 | D:10     | 9023 ||| SHOPLISTING amulet of regeneration (480 gold, have
                  | 207).
  9023 | D:10     | 9023 ||| SHOPLISTING ring of protection from cold (400
                  | gold, have 207).
  9023 | D:10     | 9023 ||| SHOPLISTING ring of resist corrosion (320 gold,
                  | have 207).
  9023 | D:10     | 9023 ||| SHOPLISTING ring of willpower (400 gold, have
                  | 207).
  9042 | D:10     | 9042 ||| RETREEEEATING.
  9050 | D:10     | 9050 ||| RETREEEEATING.
  9052 | D:10     | 9052 ||| RETREEEEATING.
  9064 | D:10     | 9064 ||| RETREEEEATING.
  9065 | D:10     | 9065 ||| RETREEEEATING.
  9074 | D:10     | Reached XP level 11. HP: 78/92 MP: 14/14
  9208 | D:10     | Reached skill level 9 in Dodging
  9660 | D:11     | 9660 ||| READING scroll of brand weapon.
  9660 | D:11     | 9660 ||| BRANDING +0 shortbow of draining.
  9698 | D:11     | Found a staircase to the Orcish Mines.
  9710 | D:11     | Noticed Maurice
  9720 | D:11     | Killed Maurice
  9740 | D:11     | 9740 ||| RETREEEEATING.
  9741 | D:11     | 9741 ||| RETREEEEATING.
  9742 | D:11     | 9742 ||| RETREEEEATING.
  9743 | D:11     | 9743 ||| RETREEEEATING.
  9744 | D:11     | 9744 ||| RETREEEEATING.
  9745 | D:11     | 9745 ||| RETREEEEATING.
  9750 | D:11     | 9750 ||| RETREEEEATING.
  9751 | D:11     | 9751 ||| RETREEEEATING.
  9752 | D:11     | 9752 ||| RETREEEEATING.
  9753 | D:11     | 9753 ||| RETREEEEATING.
  9754 | D:11     | 9754 ||| RETREEEEATING.
  9755 | D:11     | 9755 ||| RETREEEEATING.
  9756 | D:11     | 9756 ||| RETREEEEATING.
  9757 | D:11     | 9757 ||| RETREEEEATING.
  9758 | D:11     | 9758 ||| RETREEEEATING.
  9759 | D:11     | 9759 ||| RETREEEEATING.
  9760 | D:11     | 9760 ||| RETREEEEATING.
  9774 | D:11     | Reached skill level 13 in Ranged Weapons
 10185 | D:11     | Identified the +2 robe of the Arcane {Dex+2}
 10694 | D:11     | 10694 ||| PLANNING LAIR
 10694 | D:11     | 10694 ||| DROPPING +0 steam dragon scales.
 10695 | D:11     | 10695 ||| DROPPING +2 robe of the Arcane {Dex+2}.
 10696 | D:11     | 10696 ||| READING 3 scrolls of identify.
 10696 | D:11     | 10696 ||| IDENTIFYING scroll labelled BUOXZU ATITT
 10697 | D:11     | 10697 ||| READING scroll of enchant weapon.
 10697 | D:11     | 10697 ||| ENCHANTING +0 shortbow of flaming.
 10746 | Lair:1   | Entered Level 1 of the Lair of Beasts
 10795 | Lair:1   | 10795 ||| DRINKING potion of cancellation.
 10860 | Lair:1   | Identified the +4 ring mail of Woluhufi {Str-4 Int+2 Dex+2}
 10865 | Lair:1   | 10865 ||| RETREEEEATING.
 10866 | Lair:1   | 10866 ||| RETREEEEATING.
 10867 | Lair:1   | 10867 ||| RETREEEEATING.
 10868 | Lair:1   | 10868 ||| RETREEEEATING.
 10869 | Lair:1   | 10869 ||| RETREEEEATING.
 10871 | Lair:1   | 10871 ||| RETREEEEATING.
 10872 | Lair:1   | 10872 ||| RETREEEEATING.
 10873 | Lair:1   | 10873 ||| RETREEEEATING.
 10874 | Lair:1   | 10874 ||| RETREEEEATING.
 10875 | Lair:1   | 10875 ||| RETREEEEATING.
 10876 | Lair:1   | 10876 ||| RETREEEEATING.
 10877 | Lair:1   | 10877 ||| RETREEEEATING.
 10878 | Lair:1   | 10878 ||| RETREEEEATING.
 10879 | Lair:1   | 10879 ||| RETREEEEATING.
 10887 | Lair:1   | 10887 ||| RETREEEEATING.
 10888 | Lair:1   | 10888 ||| RETREEEEATING.
 10889 | Lair:1   | 10889 ||| RETREEEEATING.
 10890 | Lair:1   | 10890 ||| RETREEEEATING.
 10891 | Lair:1   | 10891 ||| FLEEEEING.
 10892 | Lair:1   | 10892 ||| STAIRDANCE
 10941 | D:9      | 10941 ||| UPGRADING to +4 ring mail of Woluhufi {Str-4
                  | Int+2 Dex+2}.
 10951 | D:9      | 10951 ||| DROPPING +1 ring mail of Death's Door {rElec
                  | rC+}.
 10952 | D:9      | 10952 ||| DROPPING +1 leather armour of poison resistance.
 10953 | D:9      | 10953 ||| DROPPING +0 troll leather armour.
 10956 | Lair:1   | 10956 ||| STAIRDANCE
 10973 | Lair:1   | 10973 ||| STAIRDANCE
 10984 | Lair:1   | 10984 ||| STAIRDANCE
 11213 | Lair:1   | 11213 ||| DRINKING potion of haste.
 11280 | Lair:1   | 11280 ||| RETREEEEATING.
 11281 | Lair:1   | 11281 ||| RETREEEEATING.
 11285 | Lair:1   | 11285 ||| RETREEEEATING.
 11286 | Lair:1   | 11286 ||| RETREEEEATING.
 11288 | Lair:1   | 11288 ||| RETREEEEATING.
 11289 | Lair:1   | 11289 ||| RETREEEEATING.
 11290 | Lair:1   | 11290 ||| RETREEEEATING.
 11291 | Lair:1   | 11291 ||| RETREEEEATING.
 11292 | Lair:1   | 11292 ||| RETREEEEATING.
 11293 | Lair:1   | 11293 ||| RETREEEEATING.
 11378 | Lair:1   | 11378 ||| FLEEEEING.
 11420 | Lair:1   | 11420 ||| READING 3 scrolls of teleportation.
 11948 | Lair:2   | Reached skill level 14 in Ranged Weapons
 11951 | Lair:2   | 11951 ||| STAIRDANCE
 12130 | Lair:2   | 12130 ||| UPGRADING to ring of poison resistance.
 12419 | Lair:2   | Noticed a catoblepas
 12420 | Lair:2   | 12420 ||| ZAPPING wand of quicksilver (1) at -3,-6
                  | (catoblepas; floor).
 12432 | Lair:2   | HP: 21/94 [catoblepas (20)]
 12433 | Lair:2   | 12433 ||| READING 2 scrolls of teleportation.
 12434 | Lair:2   | 12434 ||| DRINKING 4 potions of heal wounds.
 12435 | Lair:2   | 12435 ||| DRINKING 3 potions of heal wounds.
 12718 | Lair:2   | 12718 ||| READING scroll of brand weapon.
 12718 | Lair:2   | 12718 ||| BRANDING +1 shortbow of flaming.
 12733 | Lair:2   | 12733 ||| RETREEEEATING.
 12734 | Lair:2   | 12734 ||| RETREEEEATING.
 12737 | Lair:2   | HP: 23/95 [black mamba (13)]
 12738 | Lair:2   | 12738 ||| READING scroll of teleportation.
 12739 | Lair:2   | 12739 ||| DRINKING 2 potions of heal wounds.
 12752 | Lair:2   | 12752 ||| Stepping ~*~*~tactically~*~*~ (cloud).
 12757 | Lair:2   | 12757 ||| Stepping ~*~*~tactically~*~*~ (cloud).
 12759 | Lair:2   | 12759 ||| Stepping ~*~*~tactically~*~*~ (cloud).
 12760 | Lair:2   | Killed a catoblepas
 12761 | Lair:2   | Reached XP level 12. HP: 39/103 MP: 15/15
 12953 | Lair:2   | 12953 ||| READING scroll of enchant weapon.
 12953 | Lair:2   | 12953 ||| ENCHANTING +1 shortbow of chaos.
 12991 | Lair:2   | Reached skill level 9 in Fighting
 13103 | Lair:2   | 13103 ||| RETREEEEATING.
 13154 | Lair:2   | Noticed a boulder beetle
 13165 | Lair:2   | Killed a boulder beetle
 13173 | Lair:2   | HP: 26/104 [poisoned by a black mamba]
 13178 | Lair:2   | HP: 20/104 [poisoned by a black mamba]
 13180 | Lair:2   | 13180 ||| DRINKING potion of heal wounds.
 13663 | Lair:2   | 13663 ||| DROPPING ring of magical power.
 13738 | Lair:3   | 13738 ||| RETREEEEATING.
 13739 | Lair:3   | 13739 ||| RETREEEEATING.
 13750 | Lair:3   | 13750 ||| RETREEEEATING.
 13751 | Lair:3   | 13751 ||| RETREEEEATING.
 13811 | Lair:3   | 13811 ||| ZAPPING wand of iceblast (2) at -4,4 (blink frog;
                  | floor).
 13812 | Lair:3   | 13812 ||| RETREEEEATING.
 13815 | Lair:3   | 13815 ||| ZAPPING wand of iceblast (1) at 1,-2 (floor).
 13817 | Lair:3   | 13817 ||| RETREEEEATING.
 13819 | Lair:3   | 13819 ||| RETREEEEATING.
 13820 | Lair:3   | 13820 ||| RETREEEEATING.
 13821 | Lair:3   | 13821 ||| RETREEEEATING.
 13822 | Lair:3   | 13822 ||| RETREEEEATING.
 13823 | Lair:3   | 13823 ||| RETREEEEATING.
 13824 | Lair:3   | 13824 ||| RETREEEEATING.
 13825 | Lair:3   | 13825 ||| RETREEEEATING.
 13862 | Lair:3   | HP: 25/106 [cane toad (2)]
 13874 | Lair:3   | HP: 16/106 [blink frog (1)]
 13879 | Lair:3   | HP: 5/106 [blink frog (7)]
 14438 | Lair:3   | Found a staircase to the Snake Pit.
 14542 | Lair:3   | Noticed a catoblepas
 14543 | Lair:3   | 14543 ||| RETREEEEATING.
 14544 | Lair:3   | 14544 ||| RETREEEEATING.
 14545 | Lair:3   | 14545 ||| RETREEEEATING.
 14546 | Lair:3   | 14546 ||| RETREEEEATING.
 14559 | Lair:3   | 14559 ||| Stepping ~*~*~tactically~*~*~ (cloud).
 14568 | Lair:3   | HP: 12/106 [catoblepas (20)]
 14569 | Lair:3   | 14569 ||| DRINKING 3 potions of heal wounds.
 14570 | Lair:3   | 14570 ||| DRINKING 2 potions of heal wounds.
 14571 | Lair:3   | 14571 ||| Stepping ~*~*~tactically~*~*~ (cloud).
 14571 | Lair:3   | Killed a catoblepas
 14690 | Lair:3   | Found a staircase to the Shoals.
 14716 | Lair:3   | 14716 ||| RETREEEEATING.
 14717 | Lair:3   | 14717 ||| RETREEEEATING.
 14718 | Lair:3   | 14718 ||| RETREEEEATING.
 14719 | Lair:3   | 14719 ||| RETREEEEATING.
 14720 | Lair:3   | 14720 ||| RETREEEEATING.
 14721 | Lair:3   | 14721 ||| RETREEEEATING.
 14722 | Lair:3   | 14722 ||| RETREEEEATING.
 14723 | Lair:3   | 14723 ||| RETREEEEATING.
 14724 | Lair:3   | 14724 ||| RETREEEEATING.
 14725 | Lair:3   | 14725 ||| RETREEEEATING.
 14726 | Lair:3   | 14726 ||| RETREEEEATING.
 14728 | Lair:3   | 14728 ||| RETREEEEATING.
 15034 | Lair:3   | Noticed a catoblepas
 15039 | Lair:3   | 15039 ||| Stepping ~*~*~tactically~*~*~ (cloud).
 15044 | Lair:3   | Killed a catoblepas
 15060 | Lair:3   | HP: 18/110 [komodo dragon (26)]
 15061 | Lair:3   | 15061 ||| DRINKING potion of heal wounds.
 15067 | Lair:3   | 15067 ||| FLEEEEING.
 15068 | Lair:3   | 15068 ||| FLEEEEING.
 15069 | Lair:3   | 15069 ||| FLEEEEING.
 15070 | Lair:3   | 15070 ||| FLEEEEING.
 15071 | Lair:3   | 15071 ||| FLEEEEING.
 15072 | Lair:3   | 15072 ||| FLEEEEING.
 15074 | Lair:3   | 15074 ||| FLEEEEING.
 15075 | Lair:3   | 15075 ||| FLEEEEING.
 15076 | Lair:3   | 15076 ||| STAIRDANCE
 15304 | Lair:3   | Reached XP level 13. HP: 113/116 MP: 16/16
 15335 | Lair:3   | 15335 ||| RETREEEEATING.
 15336 | Lair:3   | 15336 ||| RETREEEEATING.
 15337 | Lair:3   | 15337 ||| RETREEEEATING.
 15500 | Lair:3   | 15500 ||| FLEEEEING.
 15501 | Lair:3   | 15501 ||| FLEEEEING.
 15503 | Lair:3   | Reached skill level 6 in Armour
 15518 | Lair:3   | 15518 ||| RETREEEEATING.
 15519 | Lair:3   | 15519 ||| RETREEEEATING.
 15520 | Lair:3   | 15520 ||| RETREEEEATING.
 15521 | Lair:3   | 15521 ||| RETREEEEATING.
 15522 | Lair:3   | 15522 ||| RETREEEEATING.
 15523 | Lair:3   | 15523 ||| RETREEEEATING.
 15524 | Lair:3   | 15524 ||| RETREEEEATING.
 15525 | Lair:3   | 15525 ||| RETREEEEATING.
 15526 | Lair:3   | 15526 ||| RETREEEEATING.
 15531 | Lair:3   | 15531 ||| RETREEEEATING.
 15534 | Lair:3   | 15534 ||| RETREEEEATING.
 15536 | Lair:3   | 15536 ||| RETREEEEATING.
 15538 | Lair:3   | 15538 ||| RETREEEEATING.
 15539 | Lair:3   | 15539 ||| RETREEEEATING.
 15540 | Lair:3   | 15540 ||| RETREEEEATING.
 15818 | Lair:4   | 15818 ||| RETREEEEATING.
 15819 | Lair:4   | 15819 ||| RETREEEEATING.
 15820 | Lair:4   | 15820 ||| READING scroll of teleportation.
 15821 | Lair:4   | 15821 ||| RETREEEEATING.
 15822 | Lair:4   | 15822 ||| RETREEEEATING.
 16022 | Lair:4   | 16022 ||| RETREEEEATING.
 16023 | Lair:4   | 16023 ||| RETREEEEATING.
 16024 | Lair:4   | 16024 ||| RETREEEEATING.
 16025 | Lair:4   | 16025 ||| RETREEEEATING.
 16026 | Lair:4   | 16026 ||| RETREEEEATING.
 16032 | Lair:4   | 16032 ||| RETREEEEATING.
 16033 | Lair:4   | 16033 ||| RETREEEEATING.
 16034 | Lair:4   | 16034 ||| RETREEEEATING.
 16035 | Lair:4   | 16035 ||| RETREEEEATING.
 16036 | Lair:4   | 16036 ||| RETREEEEATING.
 16037 | Lair:4   | 16037 ||| RETREEEEATING.
 16049 | Lair:4   | HP: 26/116 [skyshark (6)]
 16051 | Lair:4   | HP: 10/116 [skyshark (9)]
 16052 | Lair:4   | Reached skill level 12 in Dodging
 16052 | Lair:4   | Slain by a yak

Levels and vault maps discovered:
D:1:      lemuel_arrival_muddy, layout_loops_corners, serial_rivers,
          chequers_serial_rivers_micro_e, chequers_serial_rivers_micro_a,
          chequers_serial_rivers_marsh, chequers_serial_rivers_micro_b,
          chequers_serial_rivers_large_a, chequers_serial_rivers_small_b
D:2:      layout_basic, serial_shops, shop
D:3:      layout_loops_corners, ebering_ghost_gozag, minmay_misc_feat_ornament
D:4:      kennysheep_kobold_camp, layout_loops_ring, minmay_misc_feat_tiny,
          grunt_ministairs_4, minivault_27
D:5:      layout_basic, mainiacjoe_overflow_paths, temple_statues,
          uniq_blork_the_orc, uniq_pikel
D:6:      layout_cave_pods, led_sif_book, lemuel_zombie_altar_kikubaaqudgha,
          mainiacjoe_overflow_catch_the_wave, gammafunk_ghost_nasty_kobolds
D:7:      layout_loops_ring, enter_bailey_3, grunt_ministairs_13,
          abandoned_shop, uniq_duvessa
D:8:      layout_loops_cross, ashenzari_conservatory_becter,
          nicolae_ru_path_of_blood, lemuel_crystal_altar, serial_shops, shop
D:9:      layout_long_grid, mainiacjoe_overflow_tiny_flanked, serial_shops,
          nicolae_shop_tiny_real_fake_doors, kennysheep_just_a_vault
D:10:     layout_basic, lemuel_round_altar, nicolae_hepliaklqana_hazy_memory,
          mainiacjoe_overflow_alcove_2, nicolae_stop_n_shop_1
D:11:     layout_stronghold, david_orc_2, serial_bayou_crossing, uniq_maurice
Lair:1:   layout_misc_corridors
Lair:2:   nzn_winding_woodlands_cross [nzn_winding_woodlands_5x15_crooked,
          nzn_winding_woodlands_5x15_eye, nzn_winding_woodlands_5x15_longhouse,
          nzn_winding_woodlands_5x15_garden,
          nzn_winding_woodlands_15x15_thick_spiral], layout_misc_corridors,
          minivault_25
Lair:3:   regret_index_malice_mire, layout_gridlike, shoals_dummy_entry,
          dummy_snake_entry, infiniplex_staircase_pool_2
Lair:4:   layout_big_grid

Skill      XL: |  1  2  3  4  5  6  7  8  9 10 11 12 13 |
---------------+----------------------------------------+-----
Ranged Weapons | 4 5 6 8 9 11 12 14 | 14.0
Fighting       | 2 3 4 5 6 7 8 11 | 11.2
Dodging        | 2 3 5 6 8 9 11 12 | 12.0
Armour         | 1 2 3 4 5 6 |  6.0
Stealth        | |  0.8

Action                     |  1- 3 |  4- 6 |  7- 9 | 10-12 | 13-15 || total
---------------------------+-------+-------+-------+-------+-------++-------
   Fire: Shortbow          |   124 |   149 |   291 |   968 |   164 ||  1696
  Evoke: Wand              |       |       |       |     3 |       ||     3
    Use: Scroll            |     8 |     4 |     5 |     9 |     1 ||    27
         Potion            |     1 |     4 |     2 |     9 |       ||    16
 Armour: Leather armour    |    31 |       |       |    53 |       ||    84
         Ring mail         |     3 |    55 |    69 |   219 |    70 ||   416
         Skin              |       |    33 |       |       |       ||    33
  Dodge: Dodged            |    47 |    48 |   120 |   555 |   252 ||  1022

Table legend:
 A = Non-vault XP
 B = Vault XP
 C = Vault XP percentage of total XP
 D = Non-vault monster count
 E = Vault monster count
 F = Vault count percentage of total count
                 A         B        C        D         E       F
            +---------+---------+-------+---------+---------+-------
      Total |   36650 |   17003 |  31.7 |     309 |      89 |  22.4
            +---------+---------+-------+---------+---------+-------
        D:1 |      40 |       0 |   0.0 |      25 |       0 |   0.0
        D:2 |      52 |       0 |   0.0 |      16 |       0 |   0.0
        D:3 |       9 |       0 |   0.0 |       6 |       0 |   0.0
        D:4 |     389 |     134 |  25.6 |      20 |      23 |  53.5
        D:5 |     643 |     738 |  53.4 |      11 |       2 |  15.4
        D:6 |     571 |     144 |  20.1 |      10 |       5 |  33.3
        D:7 |     690 |     358 |  34.2 |      22 |       8 |  26.7
        D:8 |    1958 |       0 |   0.0 |      27 |       0 |   0.0
        D:9 |    4956 |     199 |   3.9 |      39 |       1 |   2.5
       D:10 |    4453 |       0 |   0.0 |      31 |       0 |   0.0
       D:11 |    2577 |     786 |  23.4 |       9 |       8 |  47.1
     Lair:1 |    4223 |       0 |   0.0 |      18 |       0 |   0.0
     Lair:2 |    3682 |    5620 |  60.4 |      16 |      14 |  46.7
     Lair:3 |    8425 |    9024 |  51.7 |      42 |      28 |  40.0
     Lair:4 |    3982 |       0 |   0.0 |      17 |       0 |   0.0
            +---------+---------+-------+---------+---------+-------
